Map: Odyssey LE

Players

Slimper - Winner!

  • Race: Zerg Zerg
  • Spawn Location: 11:00

BEHALKHOR

  • Race: Zerg Zerg
  • Spawn Location: 5:00

VOD

Have the link to the VOD?

Description

Time

  • Played on: Nov. 15, 2017, 5:09 a.m.
  • Length: 7:26
Show
View Real Time Build Order
Export as new Build Order

Slimper Zerg - Winner!

Build Orders: Hatch First 

Get SALT Encoding   

  12  0:00  Drone  
  13  0:12  Overlord  
  13  0:20  Drone  
  14  0:31  Drone x2  
  14  0:35  Drone  
  17  0:53  Hatchery  
  16  0:58  Drone  
  17  1:13  Spawning Pool  
  17  1:14  Drone  
  17  1:16  Drone  
  18  1:20  Drone  
  19  1:28  Drone  
  20  1:38  Overlord  
  20  1:51  Drone  
  21  2:02  Queen, Drone  
  21  2:05  Queen  
  26  2:13  Extractor, Drone x2  
  27  2:18  Drone  
  27  2:21  Drone  
  29  2:28  Drone  
  30  2:35  Drone  
  31  2:38  Queen  
  31  2:41  Queen  
  35  3:00  Drone  
  35  3:02  Overlord x3  
  36  3:14  Hatchery  
  35  3:32  Zergling x16  
  35  3:33  Zergling x2  
  44  3:35  Metabolic Boost  
  44  4:16  Baneling Nest  
  43  4:23  Zergling x14  
  43  4:24  Zergling x2  
  51  4:27  Overlord  
  51  4:28  Overlord x3  
  51  4:29  Overlord x2  
  51  4:53  Drone x5  
  56  5:08  Zergling x8  
  56  5:09  Zergling x10  
  65  5:28  Evolution Chamber  
  65  5:32  Evolution Chamber  
  63  5:43  Zergling x18  
  63  5:44  Zergling x14  
  63  5:48  Baneling x9  
  63  5:49  Baneling x3  
  79  5:51  Drone  
  80  6:01  Zergling x6  
  80  6:02  Zergling x6  
  85  6:14  Spore Crawler  
  85  6:16  Spore Crawler  
  85  6:17  Spore Crawler  
  82  6:21  Spore Crawler, Drone  
  82  6:22  Drone x5  
  79  7:07  Zergling x16  
  79  7:08  Zergling x10  
Show
View Real Time Build Order
Export as new Build Order

BEHALKHOR Zerg 

Build Orders: Pool First 

Get SALT Encoding   

  12  0:06  Extractor  
  11  0:08  Extractor, Drone  
  12  0:14  Drone  
  12  0:21  Drone  
  13  0:25  Drone  
  14  0:47  Spawning Pool  
  13  0:50  Drone  
  14  0:59  Overlord  
  15  1:18  Drone  
  15  1:19  Drone x2  
  17  1:34  Drone  
  18  1:40  Queen  
  18  1:42  Metabolic Boost  
  20  1:58  Drone  
  20  1:59  Drone  
  22  2:03  Overlord  
  22  2:29  Hatchery  
  21  2:32  Drone  
  21  2:35  Drone  
  23  2:41  Drone  
  24  2:56  Zergling x8  
  28  3:09  Drone  
  29  3:13  Drone  
  29  3:15  Lair  
  30  3:27  Overlord  
  30  3:32  Baneling Nest  
  25  3:59  Zergling x8  
  25  4:00  Zergling x4  
  31  4:05  Zergling x6  
  31  4:06  Queen  
  36  4:19  Spire  
  35  4:26  Drone  
  36  4:34  Drone  
  36  4:35  Drone x3  
  36  4:37  Drone  
  41  4:40  Drone  
  41  4:44  Drone  
  43  5:01  Drone  
  43  5:02  Overlord  
  44  5:07  Overlord  
  44  5:12  Overlord  
  44  5:22  Drone x4  
  48  5:34  Mutalisk x3  
  54  5:43  Mutalisk x2  
  58  5:54  Mutalisk x4  
  66  6:03  Corruptor  
  66  6:06  Overlord x2  
Tags
 
Matchup
ZvZ
Race
Zerg
Spawn Locations
Cross Positions
Add a new tag
Caveats
  • Supply blocks, unpowered buildings, or Contaminate may cause inaccurate times.
  • Supply counts are checked every 10 seconds.